 Dungeon Crawl Stone Soup version 0.18-a0-1121-gb454403 (webtiles) character file.

65 ater218 the Grave Robber (level 4, -13/34 HPs)
             Began as a Hill Orc Necromancer on Jan 18, 2016.
             Mangled by Crazy Yiuf
             ... wielding a +3 quarterstaff of chaos
              (19 damage)
             ... on level 2 of the Dungeon.
             The game lasted 00:07:47 (2662 turns).

ater218 the Grave Robber (Hill Orc Necromancer)     Turns: 2662, Time: 00:07:47

Health: -13/34     AC:  7    Str: 10    XL:     4   Next: 14%
Magic:  0/7        EV:  8    Int: 16    God:
Gold:   98         SH:  0    Dex: 11    Spells: 2 memorised, 3 levels left

rFire  . . .     SeeInvis .     d - +0 spear
rCold  . . .     Gourm    .     h - +0 scale mail
rNeg   . . .     Faith    .     (no shield)
rPois  .         Spirit   .     (no helmet)
rElec  .         Dismiss  .     i - +0 cloak
rCorr  .         Reflect  .     (no gloves)
SustAt .         Harm     .     (no boots)
MR     .....                    (no amulet)
Stlth  ..........               (no ring)
                                (no ring)

@: very slightly contaminated, not resistant to hostile enchantments, extremely
unstealthy
A: no striking features
a: no special abilities


You were on level 2 of the Dungeon.
You were not hungry.

You visited 1 branch of the dungeon, and saw 2 of its levels.

You collected 98 gold pieces.

Inventory:

Hand Weapons
 d - a +0 spear (weapon)
Armour
 h - a +0 scale mail (worn)
 i - a +0 cloak (worn)
Jewellery
 l - an uncursed ring of resist corrosion {unknown}
Scrolls
 a - a scroll of magic mapping {unknown}
 e - 3 scrolls of fear {unknown}
 f - 2 scrolls of identify {unknown}
 g - 2 scrolls of remove curse {unknown}
 n - a scroll of enchant weapon {unknown}
 o - a scroll of blinking {unknown}
Potions
 j - 2 potions of invisibility {unknown}
 k - a potion of magic {unknown}
 q - a potion of cure mutation {unknown}
Books
 b - a book of Necromancy

   Spells                             Type                      Level
   a - Pain                           Necromancy                   1
   b - Animate Skeleton               Necromancy                   1
   c - Vampiric Draining              Necromancy                   3
   d - Regeneration                   Charms/Necromancy            3
   e - Animate Dead                   Necromancy                   4
   f - Control Undead                 Necromancy                   4
Comestibles
 c - a bread ration
 m - a chunk of flesh


   Skills:
 + Level 0.5 Fighting
 * Level 1.0 Polearms
 + Level 0.2 Armour
 - Level 1.5 Dodging
 + Level 1.7 Stealth
 + Level 2.0 Spellcasting
 + Level 4.9 Necromancy


You had 3 spell levels left.
You knew the following spells:

 Your Spells              Type           Power        Failure   Level  Hunger
a - Pain                  Necr           ###.         24%         1    #......
b - Vampiric Draining     Necr           ###.......   73%         3    ###....


Dungeon Overview and Level Annotations

Branches:
Dungeon (2/15)

Altars:

Annotations:
D:2 Crazy Yiuf


Message History

* * * LOW HITPOINT WARNING * * *
You found a teleport trap!
Found a sedimented puce potion.
Really walk into that teleport trap? [Y]es or [N]o only, please.
Really walk into that teleport trap?
Okay, then.
Found a red potion.
You see here a sedimented puce potion.
Casting: Pain
Confirm with . or Enter, or press ? or * to list all spells.
Aiming: Pain
Press: ? - help, Shift-Dir - straight line, f/p - Crazy Yiuf
Aim: Crazy Yiuf, wielding a quarterstaff of chaos and wearing a cloak (almost dead, chance to defeat MR: 82%) Crazy Yiuf barely resists.
Crazy Yiuf hits you with a quarterstaff of chaos.
* * * LOW HITPOINT WARNING * * *
You are electrocuted!
Ouch! That really hurt!
You die...

#..............#
##....P..♣.g♣
#..............#
#.....P.♣.♣♣♣
#..............#
#.####♣♣♣♣♣
#.##.##..##..#.####.###
#.##.##..# #.#^.......#####
#........###.#.####.##.##.#
###...............#
#.##.##.#
#.......###)....g.#
#.......# #.####..#
#.....@.# ##......#
#.####..# #.......#
#.#.##.# #.##....#
#.......# ##.#.##.#
#.##.##.# #.......#
#....##.# #.##.##.#
#......!# #..####.#
#.......# #########
#.......# ####.####
#...#######.####### #.#
#...........# #.#
###...#########


You could see Crazy Yiuf.

Vanquished Creatures
  2 adders (D:2)
  2 oozes (D:1)
  A worm (D:2)
  3 giant geckos
  A giant cockroach (D:1)
  4 goblins
  3 hobgoblins (D:1)
  4 jackals (D:1)
  3 kobolds
  A quokka (D:2)
  A ball python (D:1)
  A bat (D:1)
  2 giant newts
  5 rats
33 creatures vanquished.

Notes
Turn   | Place    | Note
--------------------------------------------------------------
     0 | D:1      | ater218 the Hill Orc Necromancer began the quest for the Orb.
     0 | D:1      | Reached XP level 1. HP: 14/14 MP: 3/3
   387 | D:1      | Reached XP level 2. HP: 15/20 MP: 0/4
  1245 | D:1      | Reached XP level 3. HP: 26/26 MP: 2/5
  2185 | D:2      | Reached XP level 4. HP: 33/33 MP: 5/7
  2187 | D:2      | Reached skill level 1 in Polearms
  2249 | D:2      | Learned a level 3 spell: Vampiric Draining
  2635 | D:2      | Noticed Crazy Yiuf
  2662 | D:2      | Mangled by Crazy Yiuf

Vault maps used:
D:1:      dpeg_arrival_rhombus
D:2:      uniq_crazy_yiuf_cottage

Action                   |  1- 3 |  4- 6 || total
-------------------------+-------+-------++-------
Melee: Spear             |    60 |    19 ||    79
 Cast: Pain              |    34 |    16 ||    50
  Use: Potion            |       |     1 ||     1
  Eat: Chunk             |     1 |       ||     1
       Bread ration      |     1 |     1 ||     2
